Map: Pillars of Gold LE

Players

dnkscr - Winner!

  • Race: Protoss Protoss
  • Spawn Location: 1:00

BensZ

  • Race: Zerg Zerg
  • League: Gold
  • Spawn Location: 7:00

VOD

Have the link to the VOD?

Description

Time

  • Played on: June 17, 2020, 10:32 a.m.
  • Length: 18:10
Show
View Real Time Build Order
Export as new Build Order

dnkscr Protoss - Winner!

Build Orders:  

Get SALT Encoding   

  12  0:01  Probe  
  13  0:13  Probe  
  14  0:18  Pylon  
  14  0:25  Probe  
  15  0:38  Gateway, Probe  
  16  0:46  Assimilator, Probe  
  16  0:55  Probe  
  18  1:05  Probe  
  19  1:13  Probe  
  19  1:15  Assimilator  
  20  1:21  Probe  
  21  1:26  Pylon  
  21  1:30  Cybernetics Core  
  21  1:31  Probe  
  22  1:44  Probe  
  23  1:56  Probe  
  24  2:07  Warp Gate  
  24  2:08  Probe  
  25  2:11  Robotics Facility  
  25  2:20  Probe  
  26  2:32  Probe  
  26  2:34  Nexus  
  27  2:40  Stalker  
  28  2:56  Gateway  
  28  3:07  Observer  
  29  3:17  Stalker  
  31  3:32  Gateway  
  31  3:50  Pylon  
  31  3:53  Assimilator  
  31  3:54  Immortal  
  35  3:57  Assimilator  
  35  4:05  Twilight Council  
  35  4:10  Zealot x2, Gateway  
  37  4:21  Observer  
  35  4:25  Shield Battery  
  35  4:28  Probe  
  35  4:29  Probe  
  37  4:36  Probe  
  37  4:37  Probe  
  37  4:42  Charge  
  39  4:49  Zealot x2  
  39  4:50  Zealot  
  45  4:54  Probe x2  
  47  5:14  Gateway  
  47  5:15  Gateway  
  47  5:19  Probe x2  
  49  5:26  Zealot x2  
  53  5:31  Probe  
  54  5:40  Pylon  
  54  5:49  Pylon  
  54  5:58  Probe x2  
  54  5:59  Sentry x3  
  54  6:01  Observer  
  62  6:10  Probe  
  63  6:15  Zealot x2  
  63  6:16  Pylon  
  67  6:20  Pylon  
  67  6:32  Probe x2  
  69  6:40  Zealot x4  
  69  6:41  Zealot  
  69  6:44  Probe x2  
  81  6:47  Immortal  
  81  6:53  Pylon  
  85  6:56  Probe  
  85  7:00  Pylon  
  86  7:11  Probe x2  
  86  7:13  Gateway  
  86  7:14  Gateway, Stalker  
  90  7:21  Zealot x2  
  94  7:23  Probe x2  
  96  7:40  Probe x2  
  98  7:51  Forge  
  98  7:52  Forge, Probe x2  
  98  7:54  Sentry  
  102  8:08  Pylon  
  102  8:10  Pylon  
  102  8:12  Pylon  
  102  8:19  Templar Archives  
  100  8:20  Stalker  
  102  8:37  Stalker  
  104  8:42  Stalker  
  104  8:45  Stalker x2, Nexus  
  104  8:46  Stalker  
  104  8:47  Pylon  
  104  8:48  Pylon  
  112  8:49  Sentry x2  
  112  8:52  Immortal  
  120  9:13  Photon Cannon  
  120  9:15  Photon Cannon  
  120  9:18  Photon Cannon  
  120  9:20  Photon Cannon  
  120  9:21  High Templar  
  120  9:22  High Templar x3  
  128  9:25  Assimilator, Archon  
  128  9:26  Archon  
  128  9:32  Observer  
  128  9:38  High Templar x3  
  133  9:42  Archon  
  135  9:55  Probe x2  
  137  10:00  High Templar x2  
  137  10:01  High Templar x2  
  137  10:04  Archon x2  
  145  10:17  High Templar  
  147  10:23  Assimilator  
  143  10:36  Gateway  
  143  10:41  Zealot x5  
  143  10:42  Zealot  
  109  11:11  Zealot  
  109  11:12  Zealot x3  
  109  11:13  Zealot x3  
  123  11:30  Warp Prism  
  125  11:38  Probe x2  
  127  11:50  Probe x2  
  76  12:06  Zealot x7  
  72  12:16  Gateway  
  72  12:19  Gateway, Probe x3  
  72  12:20  Gateway  
  75  12:26  Gateway  
  75  12:28  Gateway  
  75  12:29  High Templar x5  
  85  12:30  High Templar x2  
  85  12:31  Probe x3  
  85  12:34  Protoss Ground Weapons Level 1, Archon x3  
  85  12:35  Protoss Ground Armor Level 1  
  92  12:49  Immortal  
  96  12:57  Robotics Bay, Probe x3  
  99  13:05  High Templar x2  
  103  13:07  High Templar x2  
  103  13:09  Probe x3  
  103  13:11  Archon  
  110  13:15  Archon  
  110  13:20  Zealot x5  
  110  13:21  Zealot x2  
  110  13:22  Zealot  
  126  14:10  Nexus  
  126  14:17  Nexus  
  126  14:19  Pylon  
  126  14:20  Zealot  
  126  14:21  Zealot x6  
  126  14:22  Zealot x5, Pylon  
  114  14:50  Zealot x6  
  114  14:51  Zealot x4  
  100  15:11  Protoss Ground Weapons Level 2  
  100  15:12  Protoss Ground Armor Level 2  
  78  15:36  High Templar x5  
  78  15:37  High Templar x4  
  96  15:55  Archon x4  
  96  15:58  High Templar  
  96  16:03  Immortal, Archon  
  102  16:07  Zealot  
  102  16:08  Zealot x3  
  102  16:09  Zealot x6  
  102  16:10  Zealot  
  124  16:31  Zealot x3  
  124  16:32  Zealot x5  
  138  16:33  Zealot  
  142  16:43  Immortal  
  146  16:55  Assimilator  
  146  16:56  Zealot x5  
  146  16:57  Zealot x2  
  146  16:59  Assimilator  
  75  17:31  Zealot x5  
  75  17:32  Zealot x5  
  75  17:33  Zealot x2  
  93  17:59  High Templar x5  
  93  18:00  High Templar  
  93  18:03  Archon  
  93  18:04  Archon  
  93  18:05  Archon  
Show
View Real Time Build Order
Export as new Build Order

BensZ Zerg 

Build Orders: Hatch First 

Get SALT Encoding   

  12  0:01  Drone  
  13  0:20  Overlord  
  13  0:22  Drone  
  14  0:39  Drone  
  15  0:50  Drone  
  16  0:58  Drone  
  16  0:59  Drone  
  16  1:02  Hatchery  
  16  1:03  Extractor  
  16  1:07  Drone  
  17  1:23  Spawning Pool  
  16  1:29  Drone  
  16  1:30  Drone  
  18  1:38  Drone  
  19  1:48  Drone  
  20  1:58  Overlord  
  20  2:11  Queen  
  20  2:14  Queen  
  24  2:15  Zergling x2  
  24  2:16  Zergling x2  
  26  2:23  Metabolic Boost  
  26  2:28  Drone  
  26  2:29  Drone  
  28  2:44  Drone  
  28  2:45  Drone x2  
  31  2:55  Drone x2  
  31  2:58  Overlord  
  33  3:09  Drone  
  33  3:11  Drone  
  35  3:25  Zergling x6  
  35  3:26  Drone, Zergling x2  
  35  3:27  Drone x2  
  42  3:36  Drone x2  
  44  3:49  Overlord  
  44  3:52  Extractor  
  43  3:55  Pneumatized Carapace  
  43  3:57  Roach Warren  
  40  4:22  Zergling x8  
  43  4:26  Overlord  
  43  4:27  Overlord x2  
  43  4:36  Drone  
  44  4:39  Roach  
  44  4:40  Roach x2  
  44  4:44  Hatchery  
  49  4:49  Drone x3  
  52  4:57  Queen  
  52  5:12  Roach x3  
  52  5:13  Drone  
  52  5:14  Zergling x6  
  62  5:27  Lair  
  62  5:29  Baneling Nest  
  62  5:34  Ravager x2  
  62  5:35  Ravager, Zergling x2  
  64  5:36  Drone x2, Zergling x6  
  64  5:37  Drone x3  
  64  5:40  Extractor  
  72  5:45  Drone x2, Extractor  
  73  5:55  Overlord  
  73  6:22  Drone x6  
  73  6:23  Drone x3  
  73  6:24  Queen  
  84  6:35  Drone  
  84  6:36  Drone x4, Centrifical Hooks  
  84  6:38  Hydralisk Den  
  88  6:42  Baneling x4  
  88  6:43  Baneling  
  88  6:51  Drone  
  89  7:05  Overlord x3  
  89  7:06  Overlord  
  89  7:07  Overlord  
  89  7:14  Evolution Chamber  
  88  7:16  Queen  
  88  7:17  Evolution Chamber  
  89  7:26  Zergling x8  
  89  7:27  Hydralisk x3  
  89  7:28  Drone  
  89  7:29  Drone  
  101  7:32  Drone x5  
  106  7:39  Overseer  
  106  7:42  Hydralisk x3  
  106  7:43  Hydralisk  
  106  7:44  Hydralisk  
  112  7:48  Extractor  
  112  7:50  Drone x2  
  117  7:51  Extractor  
  116  7:59  Hydralisk x4  
  116  8:00  Hydralisk x2  
  128  8:10  Grooved Spines  
  128  8:14  Spore Crawler  
  127  8:26  Hydralisk  
  129  8:28  Overlord x4  
  129  8:29  Overlord x2  
  129  8:30  Overlord  
  129  8:47  Overlord x5  
  129  8:57  Zergling x4  
  129  8:58  Zergling x6  
  134  9:04  Drone x3  
  137  9:13  Zergling x2  
  137  9:14  Zergling x8  
  137  9:15  Baneling x2  
  137  9:16  Baneling x3  
  142  9:20  Zerg Melee Weapons Level 1  
  142  9:22  Zerg Ground Armor Level 1  
  142  9:24  Infestation Pit, Muscular Augments  
  141  9:26  Zergling x4  
  141  9:27  Zergling x2  
  144  9:36  Hatchery  
  143  9:41  Hydralisk x3  
  143  9:42  Zergling x4  
  151  9:58  Baneling x4  
  151  9:59  Baneling x3  
  151  10:06  Hive  
  151  10:13  Hydralisk x4  
  151  10:14  Hydralisk x4  
  133  10:43  Zergling x12  
  133  10:44  Zergling x2  
  108  11:00  Zergling x2  
  108  11:01  Zergling x16  
  117  11:29  Zergling x10  
  117  11:30  Zergling x6  
  117  11:31  Baneling  
  117  11:32  Baneling x12  
  125  11:33  Baneling x2  
  125  11:39  Hydralisk x2  
  123  11:40  Hydralisk  
  123  11:45  Queen  
  106  11:58  Zergling x6  
  106  11:59  Zergling x6  
  90  12:09  Zergling x2  
  90  12:10  Zergling x16  
  98  12:22  Hatchery  
  97  12:27  Zerg Melee Weapons Level 2  
  97  12:28  Zerg Ground Armor Level 2  
  97  12:39  Adrenal Glands  
  97  12:41  Hydralisk x6  
  97  12:42  Hydralisk x2  
  113  12:44  Baneling  
  113  12:45  Baneling x9  
  113  12:46  Baneling x4  
  113  12:53  Hydralisk x5  
  113  12:55  Zergling x2  
  124  13:11  Hatchery  
  123  13:26  Hydralisk x4  
  123  13:27  Hydralisk x8  
  147  13:35  Spire  
  146  14:07  Queen  
  148  14:14  Hydralisk x2  
  148  14:15  Hydralisk x3  
  148  14:16  Zergling x6  
  160  14:17  Zergling x6  
  160  14:18  Zergling x10  
  160  14:20  Baneling x5  
  160  14:21  Baneling  
  168  14:43  Zerg Missile Weapons Level 1  
  134  14:51  Hydralisk x4  
  115  14:54  Zergling x2  
  115  14:55  Zergling x8  
  115  14:56  Zergling x4  
  107  15:11  Zergling x2  
  107  15:12  Zergling x6  
  101  15:30  Drone x4  
  101  15:31  Drone x2  
  107  15:42  Hatchery  
  106  15:52  Drone x2  
  106  15:53  Drone  
  109  16:00  Baneling x5  
  109  16:01  Zergling x2  
  109  16:02  Zergling x12  
  116  16:07  Queen  
  118  16:17  Overlord x2  
  118  16:19  Mutalisk x3  
  118  16:21  Mutalisk  
  118  16:22  Mutalisk x3  
  118  16:24  Baneling x4  
  118  16:25  Baneling x3  
  132  16:26  Baneling x2  
  132  16:39  Zergling x12  
  140  16:40  Zergling x6  
  141  16:48  Zergling x6  
  68  17:19  Zergling x2  
  68  17:20  Zergling x14  
  59  17:30  Zergling x2  
  59  17:31  Zergling x18  
  59  17:42  Zergling x2  
  59  17:43  Zergling x10  
Tags
 
League
Gold
Matchup
PvZ
Spawn Locations
Cross Positions
Add a new tag
Caveats
  • Supply blocks, unpowered buildings, or Contaminate may cause inaccurate times.
  • Supply counts are checked every 10 seconds.